 Dungeon Crawl Stone Soup version 0.31.0-1-g2c135a008e (webtiles) character file.

Game seed: 12023940256358683774

61 qw the Shooter (level 4, -2/34 HPs)
             Began as a Djinni Hunter on Jan 23, 2024.
             Slain by Grinder (4 damage)
             ... on level 3 of the Dungeon.
             The game lasted 00:00:07 (1680 turns).

qw the Shooter (Djinni Hunter)                      Turns: 1680, Time: 00:00:07

Health: -2/34      AC:  7    Str: 10    XL:     4   Next: 27%
Gold:   132        EV: 11    Int: 10    God:
                   SH:  0    Dex: 19

rFire   + + .        a - +1 shortbow
rCold   x . .        (shield currently unavailable)
rNeg    . . .        e - +0 ring mail
rPois   inf          (no helmet)
rElec   .            c - +0 cloak
rCorr   .            h - +0 pair of gloves
SInv    .            (boots unavailable)
Will    .....        (no amulet)
Stlth   +            (no ring)
HPRegen 0.25/turn    (no ring)
MPRegen 0.00/turn

%: infuse magic (-3 HP)
@: flying
A: sickness immunity, fire resistance 2, cold vulnerability 1, float, innate
caster, HP casting, extra vitality 1
a: no special abilities


You were on level 3 of the Dungeon.
You visited 1 branch of the dungeon, and saw 3 of its levels.

You collected 132 gold pieces.


Innate Abilities, Weirdness & Mutations

You are immune to sickness and miasma.
You are immune to poison.
Your flesh is very heat resistant. (rF++)
You are vulnerable to cold. (rC-)
You float through the air rather than walking.
You learn spells naturally, not from books.
Your magical power is your life essence.
You have superior vitality. (+4 MHP)


   Skills:
 + Level 2.8 Fighting
 - Level 4.0 Ranged Weapons
 - Level 1.3 Armour
 - Level 2.1 Dodging
 - Level 0.7 Stealth


You knew the following spells:

 Your Spells              Type           Power      Damage    Failure   Level
a - Foxfire               Conj/Fire      0%         2x1d4     67%         1
Your spell library was empty.

Inventory:

Hand Weapons
 a - a +1 shortbow (weapon)
Armour
 c - a +0 cloak (worn)
 e - a +0 ring mail (worn)
 h - a +0 pair of gloves (worn)
Wands
 f - a wand of paralysis (9)
Potions
 b - a potion of attraction {unknown}
 d - 2 potions of curing
 g - a potion of enlightenment {unknown}

Dungeon Overview and Level Annotations

Branches:
Dungeon (3/15)

Altars:
Hepliaklqana

Annotations:
D:3 Grinder


Message History

Grinder is severely wounded.
You shoot an arrow. The arrow hits Grinder!
Grinder is almost dead.
You shoot an arrow. The arrow hits Grinder.
Grinder is almost dead.
You shoot an arrow.
The arrow hits Grinder but does no damage.
Grinder is almost dead.
Grinder is no longer paralysed.
Grinder blinks!
You shoot an arrow. The arrow barely misses Grinder.
Grinder sighs, "No one appreciates my work."
You shoot an arrow. The arrow barely misses Grinder.
Grinder gestures at you. You resist with significant effort.
You shoot an arrow. The arrow barely misses Grinder.
You shoot an arrow. The arrow barely misses Grinder.
Grinder gestures at you.
You suddenly lose the ability to move!
Grinder gestures at you. You resist with significant effort.
Grinder hits you but does no damage. Grinder hits you!
You writhe in agony.
You can move again.
You shoot an arrow. The arrow hits Grinder.
Grinder is almost dead.
Grinder gestures at you. You resist with significant effort.
You shoot an arrow. The arrow barely misses Grinder.
Grinder gestures at you.
You suddenly lose the ability to move!
Grinder hits you!
You writhe in agony.
Grinder blinks!
You can move again.
You shoot an arrow. The arrow closely misses Grinder.
Grinder gestures at you. Pain shoots through your body!
You shoot an arrow. The arrow hits Grinder.
Grinder is almost dead.
Grinder hits you.
You writhe in agony.
You die...
Grinder sighs, "Dead already?
I want a refund."

#.# ##... .....
##...# ... ....# # #
#.# #.#<#.###
#.#>#####.#.....##
.#......5@......#
..#####.#.#.#..#
#.#####.#.#.#..
#.#####.#)...........
#.............###.#..
#######.#.##### .#
#.#.# # #.#.#
####.#.#


You could see Grinder.

Vanquished Creatures
  2 adders (D:2)
  2 dart slugs
  A ball python (D:1)
  3 bats
  2 endoplasms (D:1)
  6 goblins
  4 hobgoblins
  3 jackals
  8 kobolds
  A quokka (D:1)
  A frilled lizard (D:3)
  A rat (D:1)
34 creatures vanquished.

Notes
Turn   | Place    | Note
-------+----------+-------------------------------------------
     0 | D:1      | qw the Djinni Hunter began the quest for the Orb.
     0 | D:1      | Reached XP level 1. HP: 18/18 MP: 0/0
     0 | D:1      | 0 ||| qw: Version: 0.3-a-135-gb77e89d
     0 | D:1      | 0 ||| qw: Game counter: 957
     0 | D:1      | 0 ||| qw: Melee chars always use a shield: true
     0 | D:1      | 0 ||| qw: God list: Okawaru
     0 | D:1      | 0 ||| qw: Allow faded altars: false
     0 | D:1      | 0 ||| qw: Do Orc after clearing Dungeon:15 true
     0 | D:1      | 0 ||| qw: Do second Lair branch before Depths: true
     0 | D:1      | 0 ||| qw: Lair rune preference: random
     0 | D:1      | 0 ||| qw: Goals: Normal
     0 | D:1      | 0 ||| PLANNING D:1-11
   193 | D:1      | Reached XP level 2. HP: 23/23 MP: 0/0
   705 | D:1      | Found a faded altar of an unknown god.
   839 | D:1      | 839 ||| UPGRADING to +0 ring mail.
   849 | D:1      | 849 ||| DROPPING +0 leather armour.
   850 | D:1      | 850 ||| READING scroll labelled QASUVOIRAE.
   850 | D:1      | 850 ||| ENCHANTING +0 shortbow.
   851 | D:1      | 851 ||| DRINKING 3 bubbling purple potions.
   852 | D:1      | 852 ||| DROPPING scroll of butterflies.
   923 | D:2      | Reached skill level 4 in Ranged Weapons
   923 | D:2      | Reached XP level 3. HP: 27/28 MP: 0/0
   923 | D:2      | Learned a level 1 spell: Foxfire
   993 | D:2      | 993 ||| UPGRADING to +0 cloak.
   998 | D:2      | 998 ||| READING scroll labelled CYEVER FAQOSE.
   998 | D:2      | 998 ||| IDENTIFYING scroll labelled DEUKLI ACLYBBU
   999 | D:2      | 999 ||| DROPPING scroll of immolation.
  1097 | D:2      | Reached skill level 1 in Armour
  1167 | D:2      | Reached XP level 4. HP: 32/34 MP: 0/0
  1353 | D:2      | Found a hazy altar of Hepliaklqana.
  1361 | D:2      | You are sucked into a shaft and drop 1 floor!
  1385 | D:3      | 1385 ||| UPGRADING to +0 pair of gloves.
  1390 | D:3      | 1390 ||| READING scroll labelled NEPNE FEUBIMN.
  1596 | D:3      | 1596 ||| STAIRDANCE
  1649 | D:3      | 1649 ||| DROPPING +0 sling of freezing.
  1657 | D:3      | Noticed Grinder
  1658 | D:3      | 1658 ||| ZAPPING wand of paralysis (10) at 1,-2 (Grinder;
                  | stone_stairs_up_i).
  1671 | D:3      | Paralysed by Grinder for 3 turns
  1675 | D:3      | Paralysed by Grinder for 4 turns
  1679 | D:3      | HP: 7/34 [Grinder/nerve-wracking pain (12)]
  1680 | D:3      | HP: 2/34 [Grinder (5)]
  1680 | D:3      | Slain by Grinder

Levels and vault maps discovered:
D:1:      amcnicky_arrival_underground_garden, layout_basic,
          shapermc_ecumenical_altar_ellora, serial_aquarium,
          aquarium_bridge_long_separate [aquarium_subvault_bridge,
          aquarium_subvault_bridge, aquarium_subvault_wall,
          aquarium_subvault_window, aquarium_subvault_bridge,
          aquarium_subvault_wall], aquarium_bridge_square
          [aquarium_subvault_bridge, aquarium_subvault_balcony,
          aquarium_subvault_bridge, aquarium_subvault_wall],
          aquarium_window_corridor_1, aquarium_window_corner, aquarium_window_1,
          aquarium_view_2f, aquarium_view_2d, aquarium_pool_2
D:2:      layout_loops_ring, basic_altar
D:3:      layout_loops_ring, uniq_grinder

Skill      XL: |  1  2  3 |
---------------+----------+-----
Ranged Weapons | 4 |  4.0
Armour         | 1 |  1.3
Fighting       | |  2.8
Dodging        | |  2.1
Stealth        | |  0.7

Action                     |  1- 3 |  4- 6 || total
---------------------------+-------+-------++-------
   Fire: Shortbow          |    68 |    42 ||   110
  Evoke: Wand              |       |     1 ||     1
    Use: Scroll            |     2 |     1 ||     3
         Potion            |     1 |       ||     1
 Armour: Leather armour    |     2 |       ||     2
         Ring mail         |    10 |     9 ||    19
  Dodge: Dodged            |    13 |    13 ||    26

Table legend:
 A = Non-vault XP
 B = Vault XP
 C = Vault XP percentage of total XP
 D = Non-vault monster count
 E = Vault monster count
 F = Vault count percentage of total count
                 A         B        C        D         E       F
            +---------+---------+-------+---------+---------+-------
      Total |      88 |       0 |   0.0 |      34 |       0 |   0.0
            +---------+---------+-------+---------+---------+-------
        D:1 |      29 |       0 |   0.0 |      14 |       0 |   0.0
        D:2 |      52 |       0 |   0.0 |      16 |       0 |   0.0
        D:3 |       7 |       0 |   0.0 |       4 |       0 |   0.0
            +---------+---------+-------+---------+---------+-------
